cohdb
Replays
Latest Replays
All Replays
Popular Replays
Top Player Replays
Match Explorer
How It Works
Community
CoH3 Stats
Reddit
Sign in to upload your games and track your stats! →
Sign in with Steam
Match 47125315
Unlisted
Match 47125315
Overview
Messages
Build Orders
End
Royal Engineer Section
Construct Section Command Post
Selects Canadian Shock Battlegroup
Infantry Section
Infantry Section
Vickers Machine Gun Team
Selects Attacking Spirit
Selects Canadian Shock Section
Construct Platoon Command Post
Humber Armored Car
Selects Incendiary Munitions
Grenade Package
Canadian Shock Section
Infantry Training
Selects Pyrotechnics
Construct Field Infirmary
Canadian Shock Section
Selects Point Assault
6-pounder Anti-tank Gun Team
Construct Company Command Post
Crusader II Medium Tank
Royal Engineer Section
Selects Demolition Engineering
Crusader II Medium Tank
Crusader II Medium Tank
Foot Guards Section
Crusader II Medium Tank
Bootyquake
Will
0
0
Comments
sign in to comment!
No comments posted yet!